Map: Lost and Found LE

Players

RiSky

  • Race: Zerg Zerg
  • League: Master
  • Spawn Location: 7:00

Zest - Winner!

  • Race: Protoss Protoss
  • League: Master
  • Spawn Location: 1:00

Event: HomeStory Cup XVII

VOD

Have the link to the VOD?

Description

Time

  • Played on: June 28, 2018, 11:07 a.m.
  • Length: 8:33

All games in this series

Show
View Real Time Build Order
Export as new Build Order

RiSky Zerg 

Build Orders: Hatch First 

Get SALT Encoding   

  12  0:00  Drone  
  13  0:12  Overlord  
  13  0:16  Drone  
  14  0:30  Drone x2  
  14  0:34  Drone  
  17  0:50  Hatchery  
  17  0:53  Drone  
  17  0:56  Drone  
  18  1:08  Extractor  
  17  1:11  Spawning Pool  
  17  1:14  Drone  
  17  1:17  Drone  
  18  1:27  Drone  
  19  1:38  Overlord  
  19  1:49  Drone  
  20  2:00  Queen  
  20  2:01  Zergling x2  
  23  2:02  Queen  
  23  2:03  Drone  
  26  2:08  Metabolic Boost  
  26  2:11  Drone  
  26  2:12  Drone  
  28  2:21  Drone  
  29  2:23  Drone  
  30  2:33  Zergling x2  
  30  2:34  Hatchery  
  30  2:41  Overlord  
  30  2:46  Queen  
  33  2:51  Drone  
  33  2:52  Drone  
  33  2:53  Drone  
  33  2:56  Drone  
  36  3:07  Drone  
  36  3:11  Drone x2  
  39  3:13  Drone x2  
  39  3:14  Overlord  
  39  3:15  Drone  
  39  3:16  Drone  
  43  3:20  Drone  
  44  3:27  Overlord  
  44  3:34  Lair  
  44  3:38  Drone x2  
  46  3:42  Roach Warren  
  46  3:46  Spore Crawler  
  46  3:47  Drone x2  
  46  3:48  Drone  
  46  3:49  Overlord  
  46  3:51  Drone x2  
  46  3:53  Spore Crawler, Drone  
  46  3:55  Drone  
  50  3:56  Drone  
  50  3:58  Drone  
  52  4:03  Extractor  
  52  4:05  Overlord, Extractor  
  51  4:10  Drone  
  51  4:16  Drone x2  
  50  4:18  Drone x2  
  50  4:19  Overlord  
  50  4:24  Spore Crawler, Drone x2  
  51  4:26  Drone  
  51  4:28  Drone  
  51  4:30  Drone  
  56  4:32  Drone  
  56  4:38  Drone  
  58  4:39  Overlord, Glial Reconstitution  
  58  4:47  Roach  
  58  4:49  Roach  
  58  4:50  Roach x2  
  65  4:53  Roach x2  
  65  4:57  Overlord  
  69  5:01  Roach x2  
  69  5:02  Overlord  
  69  5:05  Roach  
  77  5:07  Roach  
  77  5:10  Roach x2  
  81  5:15  Overlord  
  81  5:17  Queen  
  81  5:19  Roach  
  81  5:20  Roach  
  87  5:22  Roach  
  87  5:25  Roach  
  87  5:26  Overlord  
  91  5:29  Roach  
  91  5:34  Roach x2  
  99  5:35  Roach  
  99  5:36  Roach  
  100  5:46  Roach x3  
  100  5:49  Overlord  
  102  5:51  Roach x3  
  102  5:56  Roach x2  
  112  6:00  Overlord  
  112  6:12  Roach  
  112  6:13  Roach x2  
  112  6:17  Roach x3  
  120  6:19  Roach x2  
  114  6:26  Roach x2  
  114  6:30  Roach x2  
  114  6:32  Queen  
  120  6:35  Zergling x6  
  120  6:36  Zergling x6  
  124  6:40  Roach  
  124  6:45  Roach  
  128  6:49  Overlord x2  
  128  6:56  Overlord, Ravager x2  
  128  6:59  Overlord  
  126  7:10  Roach x4  
  126  7:12  Roach  
  126  7:14  Zergling x6  
  116  7:19  Roach x3  
  104  7:25  Roach x2  
  104  7:29  Zergling x6  
  108  7:33  Roach x2, Extractor  
  108  7:36  Zergling x4  
  111  7:37  Queen  
  111  7:38  Queen  
  111  7:42  Roach x2  
  119  7:48  Roach  
  119  7:50  Roach x2  
  125  7:57  Roach  
  127  8:00  Roach x3  
  127  8:02  Hatchery  
  130  8:06  Roach x3  
  130  8:10  Roach  
  138  8:14  Roach  
Show
View Real Time Build Order
Export as new Build Order

Zest Protoss - Winner!

Build Orders: 1 Gate Expand, Oracle Opening, Phoenix Opening, Archon Immortal, Zealot Archon, Archon Drop 

Get SALT Encoding   

  12  0:00  Probe  
  13  0:13  Probe  
  14  0:18  Pylon  
  14  0:24  Probe  
  15  0:32  Probe  
  15  0:39  Gateway  
  15  0:40  Probe  
  16  0:46  Assimilator  
  17  0:51  Probe  
  18  1:03  Probe  
  19  1:15  Probe  
  20  1:23  Nexus  
  20  1:33  Cybernetics Core  
  20  1:37  Probe  
  21  1:42  Assimilator  
  21  1:49  Probe  
  21  1:52  Pylon  
  23  2:01  Adept, Probe  
  23  2:14  Stargate  
  23  2:15  Probe  
  26  2:24  Warp Gate  
  26  2:27  Adept, Probe  
  29  2:33  Probe  
  30  2:39  Probe  
  30  2:41  Probe  
  31  2:48  Phoenix  
  31  2:51  Probe x2  
  36  3:02  Oracle  
  36  3:03  Probe x2  
  38  3:06  Pylon  
  38  3:15  Probe x2  
  38  3:19  Assimilator  
  43  3:21  Assimilator  
  43  3:28  Probe  
  43  3:29  Probe  
  43  3:32  Robotics Facility  
  45  3:36  Probe  
  45  3:41  Probe  
  47  3:44  Probe  
  47  3:51  Twilight Council  
  47  3:53  Probe  
  49  3:56  Probe, Pylon  
  50  4:05  Probe  
  50  4:08  Probe  
  52  4:16  Gateway  
  52  4:18  Gateway x2  
  52  4:19  Charge  
  53  4:24  Warp Prism  
  53  4:27  Templar Archives  
  53  4:37  Gateway  
  54  4:41  Gateway  
  54  4:50  Zealot  
  54  4:51  Probe x2  
  58  4:56  Pylon  
  58  5:00  Pylon  
  58  5:10  Nexus  
  58  5:17  Shield Battery  
  58  5:21  High Templar x4  
  66  5:24  Archon  
  66  5:25  Archon  
  66  5:29  Probe x2  
  68  5:35  Observer  
  68  5:38  Pylon x2  
  69  5:44  Probe x2  
  69  5:49  Immortal  
  71  5:55  Sentry x3  
  83  5:57  Zealot  
  83  5:58  Zealot x2  
  83  6:04  Gateway  
  85  6:19  Zealot x4  
  85  6:21  Immortal  
  93  6:35  Probe x3  
  100  6:41  Pylon  
  100  6:42  Pylon  
  100  6:45  Gateway  
  100  6:47  Probe, Sentry  
  100  6:48  High Templar, Zealot  
  100  6:49  Zealot  
  100  6:53  Immortal  
  109  6:56  Pylon  
  109  6:57  Pylon  
  109  7:01  High Templar  
  115  7:02  Zealot  
  115  7:06  Archon  
  115  7:12  Zealot x3  
  97  7:24  Immortal, Zealot  
  97  7:25  Zealot  
  103  7:37  Probe x2  
  103  7:38  Probe  
  106  7:48  Forge  
  106  7:49  Probe x2  
  106  7:50  Probe  
  109  7:53  High Templar x2  
  109  7:54  Zealot x5  
  109  7:58  Archon  
  127  8:21  Zealot x3  
  125  8:27  Zealot x4  
Tags
 
Add a new tag
Caveats
  • Supply blocks, unpowered buildings, or Contaminate may cause inaccurate times.
  • Supply counts are checked every 10 seconds.